cohdb
Replays
Latest Replays
All Replays
Popular Replays
Top Player Replays
Match Explorer
How It Works
Community
CoH3 Stats
Reddit
Sign in to upload your games and track your stats! →
Sign in with Steam
Match 47007335
Unlisted
Match 47007335
Overview
Messages
Build Orders
End
Kradschützen Motorcycle Team
Panzergrenadier Squad
Selects Panzerjäger Kommand Battlegroup
Selects Mine Fields
Panzergrenadier Squad
Construct Light Support Kompanie
Selects Tank Busters
Panzerjäger Squad
Construct Mechanized Kompanie
Assault Mechanized Group
Selects Defensive Positions
8 Rad Armored Car
Veteran Squad Leaders
Vehicle Survival Package
Frühstück
General Kenobi
CosmeFulanito
JVM
0
0
Comments
sign in to comment!
No comments posted yet!